Map: Temple gelé

Players

MrWalp - Winner!

  • Race: Protoss Protoss
  • League: Diamond

IA (élite)

  • Race: Terran Terran

VOD

Have the link to the VOD?

Description

Time

  • Played on: July 13, 2016, 1:57 p.m.
  • Length: 8:06
Show
View Real Time Build Order
Export as new Build Order

MrWalp Protoss - Winner!

Build Orders: 1 Gate Expand 

Get SALT Encoding   

  12  0:01  Probe (Chrono Boost)  
  13  0:11  Probe (Chrono Boost)  
  14  0:17  Pylon  
  14  0:22  Probe (Chrono Boost)  
  15  0:36  Probe (Chrono Boost)  
  15  0:37  Gateway  
  16  0:42  Assimilator  
  16  0:47  Probe (Chrono Boost)  
  17  0:57  Probe (Chrono Boost)  
  18  1:08  Probe (Chrono Boost)  
  19  1:24  Nexus  
  19  1:35  Cybernetics Core  
  19  1:37  Probe (Chrono Boost)  
  20  1:42  Assimilator  
  20  1:48  Probe (Chrono Boost)  
  21  1:54  Pylon  
  21  1:59  Probe (Chrono Boost)  
  22  2:11  Warp Gate  
  22  2:13  Mothership Core (Chrono Boost)  
  22  2:14  Adept  
  26  2:28  Robotics Facility  
  26  2:31  Probe (Chrono Boost)  
  26  2:37  Probe (Chrono Boost)  
  28  2:43  Probe (Chrono Boost)  
  29  2:46  Sentry  
  29  2:48  Probe (Chrono Boost)  
  32  2:54  Probe (Chrono Boost)  
  34  2:58  Probe (Chrono Boost)  
  34  3:05  Assimilator  
  34  3:07  Pylon  
  34  3:08  Probe (Chrono Boost)  
  34  3:12  Sentry  
  37  3:16  Observer  
  38  3:20  Probe (Chrono Boost)  
  38  3:22  Probe (Chrono Boost)  
  40  3:32  Probe (Chrono Boost)  
  42  3:34  Observer, Probe (Chrono Boost)  
  42  3:40  Gateway  
  43  3:42  Gateway  
  43  3:43  Probe (Chrono Boost)  
  43  3:46  Probe (Chrono Boost)  
  45  3:52  Pylon  
  45  3:53  Probe (Chrono Boost)  
  45  3:55  Immortal  
  50  4:05  Probe (Chrono Boost)  
  50  4:06  Probe (Chrono Boost)  
  52  4:15  Probe (Chrono Boost)  
  52  4:16  Stalker  
  55  4:20  Probe (Chrono Boost)  
  56  4:24  Pylon  
  56  4:28  Probe (Chrono Boost)  
  56  4:31  Immortal  
  61  4:42  Stalker  
  61  4:43  Sentry x2  
  67  4:46  Pylon  
  67  5:05  Immortal, Gateway  
  67  5:06  Gateway  
  67  5:10  Gateway  
  67  5:13  Stalker  
  67  5:14  Stalker  
  75  5:15  Sentry  
  77  5:22  Pylon  
  77  5:25  Pylon  
  77  5:39  Warp Prism  
  77  5:41  Stalker x3  
  83  5:47  Pylon  
  84  6:05  Stalker x4  
  84  6:06  Stalker  
  94  6:11  Pylon  
  94  6:13  Pylon  
  94  6:35  Adept x5  
  94  6:36  Adept  
  106  6:40  Pylon  
  106  6:41  Pylon  
  96  7:10  Adept x3  
  96  7:11  Adept x2  
  96  7:12  Adept  
  106  7:36  Adept  
  106  7:37  Adept x5  
  110  7:42  Pylon  
  110  7:43  Pylon  
Show
View Real Time Build Order
Export as new Build Order

IA (élite) Terran 

Build Orders: MMM Bio 

Get SALT Encoding   

  12  0:00  SCV  
  13  0:13  SCV  
  14  0:19  Supply Depot  
  14  0:25  SCV  
  15  0:41  SCV  
  16  0:43  Barracks  
  16  0:53  SCV  
  17  1:05  SCV  
  18  1:12  Refinery  
  18  1:14  Supply Depot  
  18  1:17  SCV  
  19  1:29  SCV  
  20  1:33  Marine  
  21  1:43  Command Center  
  21  2:06  Barracks  
  21  2:08  SCV  
  22  2:11  Marine  
  22  2:15  Factory  
  23  2:20  SCV  
  24  2:24  Supply Depot  
  24  2:29  Marine  
  24  2:32  SCV  
  26  2:44  SCV  
  26  2:47  Marine  
  28  2:55  Orbital Command  
  28  2:56  SCV  
  28  2:58  Factory Tech Lab  
  29  3:00  Refinery  
  29  3:11  Orbital Command  
  29  3:14  Marine  
  29  3:16  Marine  
  31  3:22  SCV  
  32  3:32  Marine  
  33  3:34  SCV, Marine  
  33  3:36  SCV  
  36  3:44  Barracks  
  36  3:46  SCV  
  37  3:48  SCV  
  37  3:50  Marine  
  37  3:53  Barracks Tech Lab  
  39  3:58  SCV  
  39  3:59  Starport  
  39  4:01  SCV  
  41  4:09  Barracks Tech Lab  
  41  4:10  SCV  
  41  4:12  Marine  
  41  4:13  SCV  
  41  4:15  Stimpack  
  44  4:19  Supply Depot  
  44  4:22  SCV  
  45  4:25  SCV  
  45  4:27  Combat Shields, Marine  
  45  4:29  Marine  
  45  4:31  Marine  
  48  4:34  Engineering Bay  
  48  4:38  Starport Tech Lab  
  49  4:41  SCV  
  50  4:46  Marine  
  50  4:51  Marine  
  52  4:52  Marine  
  52  4:54  SCV  
  52  4:56  SCV  
  52  4:59  Raven  
  57  5:00  Missile Turret  
  57  5:01  Supply Depot  
  57  5:02  Missile Turret  
  59  5:07  Marauder  
  59  5:08  Refinery  
  59  5:15  Refinery  
  59  5:22  SCV x2, Marauder  
  59  5:24  Supply Depot  
  65  5:28  Marauder  
  65  5:34  SCV  
  66  5:38  SCV  
  66  5:42  Medivac  
  69  5:45  Terran Infantry Weapons Level 1  
  69  5:46  SCV, Marauder  
  69  5:48  Engineering Bay  
  69  5:49  Marauder  
  74  5:50  SCV, Supply Depot  
  75  5:58  SCV  
  76  6:04  Command Center  
  76  6:09  SCV  
  78  6:11  SCV  
  78  6:15  Supply Depot  
  78  6:21  SCV, Marauder  
  78  6:23  SCV  
  82  6:28  Marauder  
  84  6:33  SCV  
  84  6:38  Supply Depot  
  84  6:39  SCV  
  86  6:42  Marauder  
  86  6:47  Concussive Shells  
  88  6:48  Barracks Reactor  
  88  6:49  Marauder  
  77  6:58  Siege Tank  
  69  7:03  Marauder  
  69  7:07  Missile Turret  
  63  7:10  Marine  
  63  7:14  Medivac, Barracks  
  62  7:17  SCV  
  62  7:19  Refinery  
  62  7:20  SCV  
  63  7:24  Marine x2  
  63  7:25  Marine  
  63  7:28  Marine  
  63  7:29  SCV  
  67  7:30  Siege Tank  
  57  7:42  Marine x2  
  57  7:43  Marauder  
  47  7:47  Command Center  
Tags
 
Composition
MMM Bio
League
Diamond
Matchup
PvT
Add a new tag
Caveats
  • Supply blocks, unpowered buildings, or Contaminate may cause inaccurate times.
  • Supply counts are checked every 10 seconds.